 Dungeon Crawl Stone Soup version 0.19.5 (webtiles) character file.

3818 PerKiller the Archer (level 9, -12/66 HPs)
             Began as a High Elf Hunter on Apr 2, 2017.
             Was a Follower of Qazlal.
             Mangled by an orc warrior
             ... wielding a +0 short sword
              (15 damage)
             ... on level 8 of the Dungeon.
             The game lasted 00:51:30 (9071 turns).

PerKiller the Archer (High Elf Hunter)              Turns: 9071, Time: 00:51:31

Health: -12/66     AC:  3    Str: 11    XL:     9   Next: 97%
Magic:  10/10      EV: 22    Int: 17    God:    Qazlal [*.....]
Gold:   431        SH:  2    Dex: 23    Spells: 0 memorised, 8 levels left

rFire  . . .     SeeInvis .     b - +4 spear
rCold  . . .     Gourm    .     c - +0 leather armour
rNeg   . . .     Faith    .     (no shield)
rPois  .         Spirit   .     (no helmet)
rElec  .         Reflect  .     (no cloak)
rCorr  .         Harm     +     (no gloves)
MR     .....                    (no boots)
Stlth  +++.......               v - amulet of harm
                                k - +5 ring of dexterity
                                y - +6 ring of evasion

@: drained
A: no striking features
a: Renounce Religion


You were on level 8 of the Dungeon.
You worshipped Qazlal.
Qazlal was aware of your devotion.
You were not hungry.

You visited 2 branches of the dungeon, and saw 9 of its levels.

You collected 431 gold pieces.

Inventory:

Hand Weapons
 a - a +1 shortbow
 b - a +4 spear (weapon)
 h - a +0 short sword
 j - a +1 vampiric short sword
Missiles
 i - 156 bolts
Armour
 c - a +0 leather armour (worn)
 q - a +1 ring mail of fire resistance
 B - a +0 robe
 S - a +0 animal skin
Jewellery
 k - a +5 ring of dexterity (right hand)
 p - a +3 ring of slaying {WHOO PERFECT}
 v - an amulet of harm (around neck)
 y - a +6 ring of evasion (left hand)
 F - an uncursed amulet of regeneration
 M - an uncursed ring of magical power
 V - an uncursed ring of wizardry {unknown}
Wands
 D - a wand of slowing (30/48)
 L - a wand of disintegration (9/24)
Scrolls
 o - 2 scrolls of enchant armour {unknown}
 r - a scroll of blinking {unknown}
 s - 3 scrolls of remove curse {@r2}
 t - 3 scrolls of identify {@r1}
 x - 2 scrolls of magic mapping {unknown}
 z - 2 scrolls of enchant weapon {unknown}
 C - a scroll of fear {unknown}
 J - a scroll of recharging
 K - a scroll of acquirement {unknown}
 N - a scroll of summoning {unknown}
 O - a scroll of vulnerability {unknown}
 T - a scroll of amnesia {unknown}
Potions
 e - 2 potions of degeneration {unknown}
 g - a potion of haste {unknown}
 l - a potion of lignification {unknown}
 m - a potion of might {unknown}
 n - 2 potions of brilliance {unknown}
 u - 2 potions of curing {unknown}
 w - a potion of invisibility {unknown}
 G - a potion of cancellation {unknown}
 H - a potion of agility {unknown}
 R - a potion of resistance {unknown}
Books
 A - a book of Necromancy

   Spells                             Type                      Level
   a - Pain                           Necromancy                   1
   b - Animate Skeleton               Necromancy                   1
   c - Vampiric Draining              Necromancy                   3
   d - Regeneration                   Charms/Necromancy            3
   e - Animate Dead                   Necromancy                   4
   f - Control Undead                 Necromancy                   4
Comestibles
 f - 6 bread rations
 E - a meat ration
 I - 3 slices of pizza
 P - 7 beef jerkies


   Skills:
 * Level 7.9(7.6) Fighting
 + Level 2.2(2.0) Polearms
 * Level 11.4(11.1) Bows
 + Level 3.6(3.3) Armour
 * Level 6.2(5.9) Dodging
 + Level 6.2(5.9) Stealth


You had 8 spell levels left.
You didn't know any spells.

Dungeon Overview and Level Annotations

Branches:
Dungeon (8/15)             Temple (1/1) D:5
   Lair: D:8-11

Altars:
Ashenzari
Cheibriados
Dithmenos
Elyvilon
Fedhas
Gozag
Hepliaklqana
Kikubaaqudgha
Makhleb
Nemelex Xobeh
Okawaru
Qazlal
Ru
Sif Muna
Trog
Uskayaw
Vehumet
Xom
Yredelemnul
Zin
The Shining One

Shops:
D:4 }

Annotations:
D:8 Joseph


Message History

* * * LOW HITPOINT WARNING * * *
Joseph shoots a sling bullet.
Reactivating autopickup.
You feel sick.
You see here an arrow.
Joseph shoots a sling bullet.
The sling bullet misses you.
You feel sick. The orc warrior misses you.
Joseph shoots a sling bullet.
The sling bullet barely misses you. The orc warrior misses you.
There is a large open door here.
There's a creature in the doorway!
Things that are here:
a sling bullet; an arrow You feel sick.
You are no longer poisoned.
There is an open door here.
You barely miss the orc warrior.
The orc warrior is severely wounded.
The orc warrior hits you with a short sword!
You die...

...# #....# #..# .(.. ...#
#..(.# #..##(..a# ...#
#....###...(....# ...#
####....#..(.# ...#
#....)†.#....####
...###.......#)......#
...##.......).##...).#
#..##......(.(##.....#
#..##.........##@§...#
#..########..(###o####
..>........(.@###(# ## #.#
.###.#.#####....#@##.##
#.### .....# #...(''#....
....# .###.# #.........#
#.#.### .# .#
#....((...#####(..... .#
.#.#####(................###
...
............((......<......#


You could see Joseph and an orc warrior.

Vanquished Creatures
  Pikel (D:7)
  The ghost of equalderp2856 the Scratcher, an amateur FeFi (D:6)
  Duvessa (D:7)
  6 ice beasts
  A black bear (D:8)
  An orc warrior (D:8)
  2 slaves (D:7)
  8 ogres
  5 bullfrogs
  Blork the orc (D:4)
  A wyvern skeleton (D:7)
  Dowan (D:7)
  A scorpion (D:5)
  A centaur zombie (D:5)
  3 crimson imps (D:8)
  A bullfrog zombie (D:7)
  A jelly (D:7)
  A gnoll shaman (D:4)
  8 hounds
  5 orc wizards
  A centaur skeleton (D:8)
  2 iguanas (D:6)
  8 worker ants
  5 adders
  7 gnolls
  A howler monkey skeleton (D:8)
  A shadow imp (D:7)
  An ooze (D:7)
  An adder zombie (D:7)
  An adder skeleton (D:5)
  3 worms
  4 dart slugs
  3 leopard geckos
  19 orcs
  6 bats
  5 giant cockroaches
  8 goblins
  13 hobgoblins
  6 jackals (D:4)
  A quokka (D:5)
  3 ball pythons
  6 frilled lizards
  2 jackal skeletons
  8 kobolds
  A quokka skeleton (D:8)
  7 rats
173 creatures vanquished.

Vanquished Creatures (others)
  A hippogriff (D:7)
  A centaur zombie (D:7)
  An orc wizard (D:8)
3 creatures vanquished.

Grand Total: 176 creatures vanquished

Notes
Turn   | Place    | Note
-------+----------+-------------------------------------------
     0 | D:1      | PerKiller the High Elf Hunter began the quest for the Orb.
     0 | D:1      | Reached XP level 1. HP: 14/14 MP: 2/2
   195 | D:1      | Reached XP level 2. HP: 12/20 MP: 3/3
   781 | D:1      | Reached XP level 3. HP: 25/25 MP: 4/4
   932 | D:1      | Reached skill level 6 in Bows
  1964 | D:3      | Reached XP level 4. HP: 20/31 MP: 5/5
  2584 | D:4      | Noticed an ogre
  2585 | D:4      | Reached XP level 5. HP: 26/36 MP: 6/6
  2805 | D:4      | Killed an ogre
  2805 | D:4      | Reached skill level 7 in Bows
  2837 | D:4      | Reached XP level 6. HP: 43/43 MP: 7/7
  2936 | D:4      | Reached skill level 1 in Polearms
  3276 | D:4      | Noticed Blork the orc
  3859 | D:4      | Killed Blork the orc
  3859 | D:4      | Reached skill level 8 in Bows
  3859 | D:4      | Reached XP level 7. HP: 49/49 MP: 8/8
  3890 | D:4      | Found Qyur's Gadget Emporium.
  4052 | D:5      | Entered Level 5 of the Dungeon
  4101 | D:5      | Found a staircase to the Ecumenical Temple.
  4265 | D:5      | Reached skill level 5 in Fighting
  4310 | Temple   | Entered the Ecumenical Temple
  4361 | Temple   | Became a worshipper of Qazlal Stormbringer
  4764 | D:6      | Reached skill level 1 in Armour
  4774 | D:6      | Reached XP level 8. HP: 52/56 MP: 9/9
  4948 | D:6      | Noticed equalderp2856's ghost (amateur FeFi)
  4959 | D:6      | Reached skill level 9 in Bows
  5080 | D:6      | Found a shimmering altar of Xom.
  5097 | D:6      | Killed equalderp2856's ghost
  6032 | D:6      | Reached skill level 5 in Dodging
  6307 | D:6      | Reached skill level 10 in Bows
  6443 | D:7      | Reached XP level 9. HP: 63/63 MP: 10/10
  6476 | D:7      | Reached skill level 5 in Stealth
  6590 | D:7      | Reached * piety under Qazlal
  6592 | D:7      | Noticed Duvessa
  6593 | D:7      | Noticed Dowan
  6602 | D:7      | Killed Duvessa
  6605 | D:7      | Killed Dowan
  6742 | D:7      | Noticed Pikel
  6776 | D:7      | Killed Pikel
  7121 | D:7      | Reached skill level 11 in Bows
  7705 | D:8      | Noticed Joseph
  7717 | D:8      | HP: 2/64 [orc wizard/puff of flame (13)]
  8633 | D:8      | Found a white marble altar of Elyvilon.
  9009 | D:8      | Reached ** piety under Qazlal
  9058 | D:8      | HP: 3/66 [something (2)]
  9065 | D:8      | HP: 3/66 [poisoned by a worker ant]
  9071 | D:8      | Mangled by an orc warrior

Skill      XL: |  1  2  3  4  5  6  7  8  9 |
---------------+----------------------------+-----
Bows           | 6 7 8 10 11 | 11.4
Fighting       | 3 4 5 6 7 |  7.9
Dodging        | 3 4 5 6 |  6.2
Stealth        | 2 3 4 6 |  6.2
Polearms       | 1 2 |  2.2
Armour         | 1 2 3 |  3.6

Action                   |  1- 3 |  4- 6 |  7- 9 || total
-------------------------+-------+-------+-------++-------
Melee: Short sword       |     7 |       |       ||     7
       Spear             |       |     1 |   137 ||   138
 Fire: Shortbow          |   110 |    97 |   265 ||   472
Invok: Upheaval          |       |       |     1 ||     1
  Use: Scroll            |     6 |     1 |     4 ||    11
       Potion            |       |       |     3 ||     3
 Stab: Distracted        |       |     1 |       ||     1
  Eat: Chunk             |     1 |     1 |     3 ||     5
       Pizza             |     1 |       |       ||     1
       Fruit             |       |     3 |       ||     3
       Bread ration      |       |     1 |     1 ||     2
       Meat ration       |       |       |     1 ||     1
       Royal jelly       |       |       |     1 ||     1
Armor: Leather armour    |     1 |     5 |    16 ||    22
Dodge: Dodged            |    20 |    10 |   174 ||   204
Block: Other             |       |       |    11 ||    11
